 Dungeon Crawl Stone Soup version 0.27-a0-1136-g0b992a5a9d (webtiles) character file.

Game seed: 5504180199393824022

11074 leviel the Severer (level 11, 0/95 HPs)
             Began as a Minotaur Berserker on May 5, 2021.
             Was a High Priest of Trog.
             Slain by an orc warrior
             ... wielding a +0 halberd
              (17 damage)
             ... in a bailey.
             The game lasted 00:17:40 (11822 turns).

leviel the Severer (Minotaur Berserker)            Turns: 11822, Time: 00:17:41

Health: 0/95       AC: 20    Str: 26    XL:     11   Next: 44%
Magic:  10/10      EV:  8    Int:  4    God:    Trog [*****.]
Gold:   368        SH:  0    Dex:  9    Spells: 10/10 levels left

rFire    . . .     SeeInvis .   a - +3 battleaxe (freeze)
rCold    . . .     Faith    .   (shield currently unavailable)
rNeg     + . .     Spirit   .   i - +2 plate armour
rPois    .         Reflect  .   (helmet restricted)
rElec    .         Harm     .   r - +0 cloak
rCorr    +         Rampage  .   (no gloves)
Will     ++...                  y - +0 pair of boots
Stlth    ..........             (no amulet)
HPRegen  1.25/turn              g - ring of resist corrosion
MPRegen  0.12/turn              d - ring of positive energy

@: strong-willed, regenerating
A: horns 2, retaliatory headbutt
a: Renounce Religion, Berserk, Trog's Hand, Brothers in Arms


You were in a bailey.
You worshipped Trog.
Trog was extremely pleased with you.
You visited 1 branch of the dungeon, and saw 11 of its levels.
You also visited: Bailey.

You collected 465 gold pieces.
You spent 97 gold pieces at shops.

Inventory:

Hand Weapons
 a - a +3 battleaxe of freezing (weapon)
 x - a +4 war axe of freezing
Armour
 i - a +2 plate armour (worn)
 r - a +0 cloak (worn)
 y - a +0 pair of boots (worn)
Jewellery
 d - a ring of positive energy (right hand)
 g - a ring of resist corrosion (left hand)
Wands
 m - a wand of paralysis (12)
 w - a wand of polymorph (11)
 A - a wand of acid (5)
 C - a wand of digging (5)
 D - a wand of iceblast (8)
Scrolls
 b - 2 scrolls of enchant weapon {unknown}
 p - 5 scrolls of teleportation
 s - a scroll of fog
 t - 6 scrolls of identify
 B - a scroll of vulnerability {unknown}
Potions
 c - a potion of lignification
 e - 2 potions of heal wounds
 f - 4 potions of flight {unknown}
 h - 2 potions of cancellation {unknown}
 j - 5 potions of curing
 k - a potion of resistance
 n - a potion of attraction
 o - 2 potions of haste
 q - 2 potions of berserk rage {unknown}
 u - a potion of brilliance {unknown}
 v - 2 potions of mutation {unknown}
 z - a potion of might {unknown}
Miscellaneous
 l - a phantom mirror


   Skills:
 - Level 8.4 Fighting
 + Level 16.4 Axes
 - Level 11.1 Armour
 - Level 2.1 Dodging


You had 10 spell levels left.
You didn't know any spells.
Your spell library was empty.

Dungeon Overview and Level Annotations

Branches:
Dungeon (11/15)            Temple (0/1) D:6          Bailey (1/1)
   Lair: D:8-11         Orc: D:9-12

Altars:
Sif Muna
Wu Jian
Yredelemnul
Lugonu

Shops:
D:5 *   D:9 *

Annotations:
D:7 1 transporter


Innate Abilities, Weirdness & Mutations

You have a pair of horns on your head.
You reflexively headbutt those who attack you in melee.


Message History

The centaur warrior zombie hits you.
The centaur warrior zombie closely misses you.
You slice the centaur warrior zombie!!
The centaur warrior zombie is almost destroyed.
The centaur warrior zombie closely misses you.
You furiously retaliate!
You headbutt the centaur warrior zombie!
You destroy the centaur warrior zombie!
Trog accepts your kill.
Unknown command.
There is a flagged portal here.
You start resting.
You feel yourself speed up.
The world spins around you as you enter the gateway.
You enter a bailey! 2 orcs, 3 orc warriors and an orc knight come into view.
The orc shouts! x2; The orc knight shouts!
The orc warrior shouts! x2
You hear a shout! x3
Found two gates leading back out of this place.
There is an empty arch of ancient stone here.
The orc knight roars a battlecry!
The orcs go into a battle-frenzy!
An orc comes into view. It is wielding a +0 halberd.
The orc shouts!
An orc warrior comes into view. It is wielding a +0 arbalest.
The orc warrior shoots a bolt.
The bolt hits you!!
You hear a shout!
You're still recovering from your berserk rage.
Your skin crawls.
You feel strong-willed.
The orc warrior hits you from afar with a +0 halberd!
* * * LOW HITPOINT WARNING * * *
The orc warrior hits you but does no damage.
Your iron troll goes berserk!
You recover from your berserk rage.
The orc warrior hits you from afar with a +0 halberd!
* * * LOW HITPOINT WARNING * * *
The orc warrior misses you.
The orc warrior hits you from afar with a +0 halberd!
You die...

### ##∩## #T∩@#
#...# ≈..o..oo
oo≈.......≈o
≈.≈≈.......≈≈o≈
≈≈≈..#...#..≈≈≈
....##...##....
#### ##∩## ####


You could see an orc knight, 2 orc warriors, an orc (strong) and a friendly iron
troll (summoned, berserk).

Vanquished Creatures
  Erolcha (D:10)
  A catoblepas (D:11)
  Erica (D:10)
  2 two-headed ogres
  Pikel (D:7)
  A manticore (D:11)
  2 komodo dragons
  A kobold demonologist (D:10)
  A troll (D:11)
  The ghost of Mels the Changer, an amateur DrTm of Uskayaw (D:6)
  Sigmund (D:2)
  4 yaks (D:10)
  Menkaure (D:6)
  3 water moccasins
  A black bear (D:6)
  2 orc warriors
  3 ice beasts
  3 ogres
  4 centaurs
  A kobold brigand (D:8)
  3 bullfrogs
  2 gnoll sergeants
  A scorpion (D:4)
  A water moccasin zombie (D:6)
  16 killer bees
  A water moccasin skeleton (D:7)
  13 wights (D:8)
  3 howler monkeys
  3 centaur zombies
  A bullfrog skeleton (D:7)
  2 hounds
  5 jellies
  7 orc priests
  3 centaur skeletons
  Terence (D:2)
  An iguana (D:5)
  Natasha (thrice) (D:2)
  11 orc wizards
  A killer bee zombie (D:6)
  A centaur simulacrum (D:6)
  4 howler monkey zombies
  2 howler monkey skeletons (D:6)
  5 adders
  8 gnolls
  An ufetubus (D:5)
  8 worms
  2 dart slugs
  27 orcs
  6 ball pythons
  A bat zombie (D:1)
  6 endoplasms
  2 giant cockroaches
  9 goblins
  A hobgoblin (D:2)
  3 quokkas
  6 bats
  3 frilled lizards
  12 kobolds
  A quokka zombie (D:1)
  9 rats
230 creatures vanquished.

Notes
Turn   | Place    | Note
-------+----------+-------------------------------------------
     0 | D:1      | leviel the Minotaur Berserker began the quest for the Orb.
     0 | D:1      | Reached XP level 1. HP: 19/19 MP: 0/0
   343 | D:1      | Reached skill level 4 in Axes
   343 | D:1      | Reached XP level 2. HP: 26/27 MP: 1/1
   500 | D:1      | Found a faded altar of an unknown god.
   812 | D:1      | Reached ** piety under Trog
  1236 | D:2      | Reached XP level 3. HP: 32/34 MP: 2/2
  1248 | D:2      | Noticed Sigmund
  1258 | D:2      | Killed Sigmund
  1259 | D:2      | Reached skill level 5 in Fighting
  1259 | D:2      | Reached skill level 5 in Axes
  1259 | D:2      | Reached XP level 4. HP: 44/44 MP: 3/3
  1259 | D:2      | Reached XP level 5. HP: 50/50 MP: 4/4
  1308 | D:2      | You fall into a shaft and drop 1 floor!
  1334 | D:3      | You fall into a shaft and drop 1 floor!
  1438 | D:4      | Noticed a centaur
  1451 | D:4      | Killed a centaur
  1452 | D:4      | Reached skill level 6 in Axes
  1452 | D:4      | Reached XP level 6. HP: 28/57 MP: 5/5
  2454 | D:3      | Reached skill level 7 in Axes
  2457 | D:3      | Reached XP level 7. HP: 34/66 MP: 6/6
  3355 | D:2      | Noticed Natasha
  3361 | D:2      | Killed Natasha
  3405 | D:2      | Found a shimmering blue altar of Sif Muna.
  3534 | D:2      | Reached skill level 8 in Axes
  3675 | D:2      | Noticed Terence
  3681 | D:2      | Killed Terence
  3804 | D:2      | Noticed Natasha
  3814 | D:2      | Killed Natasha
  3814 | D:2      | Reached *** piety under Trog
  4294 | D:2      | Noticed Natasha
  4300 | D:2      | Killed Natasha
  4367 | D:5      | Entered Level 5 of the Dungeon
  4667 | D:5      | Found Qaac's General Store.
  4681 | D:5      | Bought a potion of degeneration for 13 gold pieces
  4949 | D:5      | Reached XP level 8. HP: 68/75 MP: 7/7
  4951 | D:5      | Reached skill level 9 in Axes
  5487 | D:6      | Reached skill level 10 in Axes
  5493 | D:6      | Found a runed translucent gate.
  5494 | D:6      | Found a runed translucent gate.
  5494 | D:6      | Found a runed translucent gate.
  5495 | D:6      | Noticed Mels's ghost (amateur DrTm)
  5527 | D:6      | Noticed Menkaure
  5538 | D:6      | Killed Menkaure
  5637 | D:6      | Reached skill level 11 in Axes
  6123 | D:6      | Found a staircase to the Ecumenical Temple.
  6139 | D:6      | Reached skill level 12 in Axes
  6139 | D:6      | Reached XP level 9. HP: 64/82 MP: 8/8
  6559 | D:6      | Killed Mels's ghost
  6764 | D:7      | Found a transporter.
  6764 | D:7      | Noticed a red ugly thing
  6765 | D:7      | Noticed an ancient zyme
  6766 | D:7      | Found a corrupted altar of Lugonu.
  6766 | D:7      | Noticed a white ugly thing
  6767 | D:7      | Noticed a cyan ugly thing
  6956 | D:7      | Reached skill level 13 in Axes
  6969 | D:7      | Reached **** piety under Trog
  7609 | D:7      | Noticed Pikel
  7623 | D:7      | Killed Pikel
  7624 | D:7      | Reached skill level 14 in Axes
  7678 | D:7      | Noticed a red ugly thing
  7784 | D:7      | Reached skill level 5 in Armour
  8019 | D:8      | Noticed a two-headed ogre
  8025 | D:8      | Killed a two-headed ogre
  8026 | D:8      | Reached XP level 10. HP: 90/90 MP: 9/9
  9275 | D:9      | Found Pefrok's General Store.
  9285 | D:9      | Bought 2 potions of curing for 84 gold pieces
  9476 | D:9      | Found an ornate altar of the Wu Jian Council.
  9497 | D:9      | Reached ***** piety under Trog
  9580 | D:9      | Found a basalt altar of Yredelemnul.
 10014 | D:10     | Entered Level 10 of the Dungeon
 10236 | D:10     | Reached skill level 10 in Armour
 10903 | D:10     | Noticed a two-headed ogre
 10904 | D:10     | Noticed Erolcha
 10910 | D:10     | Killed a two-headed ogre
 10916 | D:10     | Reached skill level 15 in Axes
 10916 | D:10     | Reached XP level 11. HP: 81/95 MP: 10/10
 10917 | D:10     | Killed Erolcha
 11246 | D:10     | Noticed Erica
 11249 | D:10     | Killed Erica
 11579 | D:11     | Noticed a catoblepas
 11584 | D:11     | Killed a catoblepas
 11590 | D:11     | Reached skill level 16 in Axes
 11795 | D:11     | Found a flagged portal.
 11814 | Bailey   | Entered a bailey
 11814 | Bailey   | Noticed an orc knight
 11822 | Bailey   | Slain by an orc warrior

Illustrated notes

Levels and vault maps discovered:
D:1:      saegor_arrival_fortress, layout_basic,
          shapermc_ecumenical_altar_mp_ritualfount
D:2:      wad_pebble_path, layout_basic, basic_altar, uniq_natasha,
          uniq_sigmund, uniq_terence
D:3:      layout_basic
D:4:      layout_gridville, minmay_misc_feat_tiny
D:5:      layout_gridville, serial_shops, shop,
          minmay_a_box_with_orc_wizards_in_it
D:6:      layout_cave_pods, minmay_temple_entry_large_hall,
          gammafunk_ghost_necromancy, st_stairs_6, uniq_menkaure
D:7:      gammafunk_corrupted_shrine, layout_basic, uniq_pikel
D:8:      layout_gridville, minmay_fountain_box
D:9:      layout_irregular_city, grunt_temple_overflow_open, serial_shops, shop
D:10:     layout_basic, uniq_erica, uniq_erolcha
D:11:     nzn_motion_control, layout_basic, david_lair_generic,
          gammafunk_ghost_split, enter_bailey_3, minmay_pinched_square
Bailey:   bailey_polearm_4, bailey

Skill      XL: |  1  2  3  4  5  6  7  8  9 10 11 |
---------------+----------------------------------+-----
Fighting       | 4 5 6 7 8 |  8.4
Axes           | 4 5 6 7 8 12 14 15 16 | 16.4
Armour         | 7 10 11 | 11.1
Dodging        | |  2.1

Action                   |  1- 3 |  4- 6 |  7- 9 | 10-12 || total
-------------------------+-------+-------+-------+-------++-------
Melee: Hand axe          |    61 |    67 |   373 |     3 ||   504
       Headbutt          |     8 |    13 |    73 |    43 ||   137
       Battleaxe         |       |       |       |   112 ||   112
       War axe           |       |       |       |    36 ||    36
Invok: Berserk           |     1 |     1 |     2 |     3 ||     7
       Trog's Hand       |       |     1 |     1 |     1 ||     3
       Brothers in Arms  |       |       |       |     1 ||     1
  Use: Potion            |       |     1 |       |       ||     1
       Scroll            |       |       |    11 |     4 ||    15
Armor: Animal skin       |     5 |       |       |       ||     5
       Plate armour      |    23 |    52 |   193 |    99 ||   367
Dodge: Dodged            |    33 |    40 |   115 |    68 ||   256

Table legend: (Time is in decaauts)
 A = Elapsed time spent in this place.
 B = Non-inter-level travel time spent in this place.
 C = Inter-level travel time spent in this place.
 D = Time resting spent in this place.
 E = Time spent auto-exploring this place.
 F = Levels seen in this place.
 G = Mean time per level.
                   A        B        C        D        E       F      G
               +--------+--------+--------+--------+--------+-----+--------+
         Total |  11799 |  11309 |    490 |   2130 |   7884 |  12 |  983.2 |
       Dungeon |  11792 |  11302 |    490 |   2130 |   7884 |  11 | 1072.0 |
        Bailey |      7 |      7 |      0 |      0 |      0 |   1 |    7.0 |
               +--------+--------+--------+--------+--------+-----+--------+

Top non-repeatable levels by time:
    D:10: 1585 daAuts
     D:8: 1295 daAuts
     D:7: 1270 daAuts
     D:1: 1236 daAuts
     D:6: 1163 daAuts
     D:3: 1128 daAuts
     D:2: 1070 daAuts
     D:4: 1049 daAuts
     D:5: 1010 daAuts
     D:9: 738 daAuts
    D:11: 243 daAuts
  Bailey: 7 daAuts
